 Dungeon Crawl Stone Soup version 0.21.0-3-g78d12a8 (webtiles) character file.

117 Moloch the Magician (level 4, -3/30 HPs)
             Began as a Demonspawn Wizard on Jan 10, 2018.
             Slain by a gnoll
             ... wielding a +0 spear
              (13 damage)
             ... on level 2 of the Dungeon on Jan 11, 2018.
             The game lasted 00:05:51 (2989 turns).

Moloch the Magician (Demonspawn Wizard)             Turns: 2989, Time: 00:05:51

Health: -3/30      AC:  3    Str:  8    XL:     4   Next: 71%
Magic:  7/10       EV: 12    Int: 20    God:
Gold:   72         SH:  0    Dex: 11    Spells: 3/11 levels left

rFire    . . .     SeeInvis .   o - +2 dagger (venom)
rCold    . . .     Gourm    .   (no shield)
rNeg     . . .     Faith    .   a - +0 robe
rPois    .         Spirit   .   p - +0 helmet
rElec    .         Reflect  .   (no cloak)
rCorr    .         Harm     .   (no gloves)
MR       .....                  (no boots)
Stlth    +.........             (no amulet)
HPRegen  0.10/turn              (no ring)
MPRegen  0.12/turn              (no ring)

@: no status effects
A: hooves 2
a: no special abilities


You were on level 2 of the Dungeon.
You were very hungry.

You visited 1 branch of the dungeon, and saw 2 of its levels.

You collected 72 gold pieces.

Inventory:

Hand Weapons
 h - a +0 spear
 o - a +2 dagger of venom (weapon)
Armour
 a - a +0 robe (worn)
 b - a +0 hat
 p - a +0 helmet (worn)
Scrolls
 e - 4 scrolls of identify {unknown}
 g - a scroll of magic mapping {unknown}
 j - a scroll of blinking {unknown}
 l - a scroll of remove curse {unknown}
 m - a scroll of enchant weapon {unknown}
 n - a scroll of teleportation {unknown}
Potions
 i - a potion of heal wounds {unknown}
 k - a potion of lignification {unknown}
Books
 c - a book of Minor Magic

   Spells                             Type                      Level
   a - Magic Dart                     Conjuration                  1
   b - Blink                          Translocation                2
   c - Call Imp                       Summoning                    2
   d - Slow                           Hexes                        2
   e - Conjure Flame                  Conjuration/Fire             3
   f - Mephitic Cloud                 Conjuration/Poison/Air       3
Comestibles
 d - 2 rations


   Skills:
 - Level 1.7 Dodging
 - Level 1.7 Stealth
 + Level 4.2 Spellcasting
 * Level 3.2 Conjurations
 - Level 1.0 Summonings
 - Level 0.8 Translocations


You had 3 spell levels left.
You knew the following spells:

 Your Spells              Type           Power        Failure   Level  Hunger
a - Magic Dart            Conj           ###.         3%          1    None
b - Blink                 Tloc           N/A          13%         2    #......
c - Call Imp              Summ           #.......     12%         2    #......
d - Mephitic Cloud        Conj/Pois/Air  #.......     24%         3    ###....


Dungeon Overview and Level Annotations

Branches:
Dungeon (2/15)

Altars:


Innate Abilities, Weirdness & Mutations

You have hoof-like feet.


Message History

Confirm with . or Enter, or press ? or * to list all spells.
Aiming: Mephitic Cloud
Press: ? - help, Shift-Dir - straight line The ball explodes into a vile cloud!
The stinking cloud engulfs the gnoll. x2
The gnoll hits you from afar with a spear.
The gnoll is engulfed in noxious fumes.
The gnoll appears confused.
Unknown command.
Unknown command.
Unknown command.
You hit the gnoll but do no damage.
The gnoll is poisoned.
The gnoll is lightly wounded.
The gnoll barely misses you.
The gnoll is engulfed in noxious fumes.
The gnoll appears confused.
The gnoll hits you with a spear!
The gnoll is engulfed in noxious fumes.
The gnoll appears confused.
You see here a club.
You are too injured to fight recklessly!
You barely miss the gnoll. Your kick misses the gnoll.
The gnoll hits you with a spear!
You die...

##...........†..########......#
.'..g.....††...........'......#
##....##'#######.#######......#
.........#### #.# ##'#.....
###.........####.# ....... #
#.........'....###### #
#g........####......## #
#.g.......##.'.g.§...# #
#.........##.#@§.....# #
#..g......##.#<§.g.#.# #
#..g......##.#####.#.# #
#.........##.# #.#.# #
##'#'#######.#####.#.#
####.#g#######.#.......#
.....#...............###
##############.#.#####
######....####.#.......#


You could see 2 gnolls.

Vanquished Creatures
  Robin (D:1)
  3 gnolls
  2 adders (D:2)
  3 dart slugs
  2 giant cockroaches (D:1)
  12 goblins
  6 hobgoblins
  3 jackals
  A quokka (D:1)
  5 bats (D:1)
  5 frilled lizards
  7 kobolds
  2 rats
52 creatures vanquished.

Notes
Turn   | Place    | Note
-------+----------+-------------------------------------------
     0 | D:1      | Moloch the Demonspawn Wizard began the quest for the Orb.
     0 | D:1      | Reached XP level 1. HP: 13/13 MP: 4/4
   316 | D:1      | Gained mutation: You have large cloven feet. [demonic ancestry]
   316 | D:1      | Reached XP level 2. HP: 12/19 MP: 3/6
  1089 | D:1      | Reached XP level 3. HP: 24/24 MP: 2/8
  1589 | D:2      | Reached skill level 4 in Spellcasting
  1990 | D:2      | Noticed Robin
  2206 | D:2      | Gained mutation: You have hoof-like feet. [demonic ancestry]
  2206 | D:2      | Reached XP level 4. HP: 30/30 MP: 5/10
  2432 | D:1      | Killed Robin
  2620 | D:2      | Learned a level 2 spell: Blink
  2623 | D:2      | Learned a level 2 spell: Call Imp
  2627 | D:2      | Learned a level 3 spell: Mephitic Cloud
  2989 | D:2      | Slain by a gnoll

Skill      XL: |  1  2  3  4 |
---------------+-------------+-----
Conjurations   | 2 3 |  3.2
Spellcasting   | 4 |  4.2
Dodging        | |  1.7
Stealth        | |  1.7
Summonings     | |  1.0
Translocations | |  0.8

Action                   |  1- 3 |  4- 6 || total
-------------------------+-------+-------++-------
Melee: Dagger            |    38 |    23 ||    61
       Kick              |     1 |     4 ||     5
 Cast: Magic Dart        |   103 |    14 ||   117
       Mephitic Cloud    |       |     1 ||     1
  Eat: Chunk             |     3 |     2 ||     5
Armor: Robe              |    20 |       ||    20
Dodge: Dodged            |    78 |    19 ||    97
